 Dungeon Crawl Stone Soup version 0.29.1-1-gd02db6906a (webtiles) character file.

Game seed: 6875795228089334973

570 juncz the Chiller (level 7, -8/51 HPs)
             Began as a Gnoll Ice Elementalist on Sept 29, 2022.
             Was an Initiate of Ashenzari.
             Killed from afar by an orc wizard (11 damage)
             ... with a magic dart
             ... on level 5 of the Dungeon.
             The game lasted 00:05:50 (3685 turns).

juncz the Chiller (Gnoll Ice Elementalist)          Turns: 3685, Time: 00:05:50

Health: -8/51      AC:  4    Str:  7    XL:     7   Next: 34%
Magic:  13/15      EV: 14    Int: 16    God:    Ashenzari [......]
Gold:   286        SH:  0    Dex: 13    Spells: 10/17 levels left

rFire   . . .      SeeInvis .   h - +2 dagger (speed)
rCold   . . .      Faith    .   (no shield)
rNeg    . . .      Spirit   .   a - +0 robe
rPois   .          Reflect  .   (no helmet)
rElec   .          Harm     .   k - +0 cloak
rCorr   .          Rampage  .   (no gloves)
Will    .....                   g - +0 pair of boots
Stlth   +.........              (no amulet)
HPRegen 0.17/turn               (no ring)
MPRegen 0.14/turn               (no ring)

@: confused
A: fangs 1, strong nose, distributed training
a: Renounce Religion


You were on level 5 of the Dungeon.
You worshipped Ashenzari.
Ashenzari was noncommittal.
You visited 2 branches of the dungeon, and saw 6 of its levels.

You collected 286 gold pieces.

Inventory:

Hand Weapons
 c - a +0 short sword
 h - a +2 dagger of speed (weapon)
Missiles
 e - 13 poisoned darts
 f - 21 stones
 t - a throwing net
Armour
 a - a +0 robe (worn)
 g - a +0 pair of boots (worn)
 k - a +0 cloak (worn)
Jewellery
 p - an amulet of the acrobat
 q - a +6 ring of strength
Wands
 o - a wand of iceblast (13)
 v - a wand of flame (3)
Scrolls
 d - a scroll of noise {unknown}
 l - a scroll of torment {unknown}
 m - a scroll of fear {unknown}
 n - 8 scrolls of identify {unknown}
 r - 3 scrolls of teleportation {unknown}
 s - a scroll of amnesia {unknown}
 w - a scroll of magic mapping {unknown}
Potions
 b - a potion of magic
 i - 2 potions of curing {unknown}
 j - a potion of mutation {unknown}
 u - a potion of flight {unknown}


   Skills:
 + Level 2.5 Fighting
 + Level 2.5 Short Blades
 + Level 2.5 Long Blades
 + Level 2.5 Axes
 + Level 2.5 Maces & Flails
 + Level 2.5 Polearms
 + Level 2.5 Staves
 + Level 2.5 Ranged Weapons
 + Level 2.5 Throwing
 + Level 2.5 Armour
 + Level 5.2 Dodging
 + Level 4.9 Stealth
 + Level 2.5 Shields
 + Level 2.5 Unarmed Combat
 + Level 5.6 Spellcasting
 + Level 2.0 Conjurations
 + Level 2.0 Hexes
 + Level 2.0 Summonings
 + Level 2.0 Necromancy
 + Level 2.0 Translocations
 + Level 2.0 Transmutations
 + Level 2.0 Fire Magic
 + Level 7.4 Ice Magic
 + Level 2.0 Air Magic
 + Level 2.0 Earth Magic
 + Level 2.0 Poison Magic
 + Level 2.8 Invocations
 + Level 2.5 Evocations


You had 10 spell levels left.
You knew the following spells:

 Your Spells              Type           Power      Damage    Failure   Level
a - Freeze                Ice            100%       1d11      1%          1
b - Frozen Ramparts       Ice            56%        1d9       1%          3
c - Ozocubu's Armour      Ice            28%        N/A       1%          3

Your spell library contained the following spells:

 Spells                   Type           Power      Damage    Failure   Level
 Beastly Appendage        Tmut           22%        N/A       6%          1
 Wereblood                Tmut           11%        N/A       9%          2
 Inner Flame              Hex/Fire       11%        N/A       19%         3
 Spider Form              Tmut/Pois      11%        N/A       19%         3
 Hailstorm                Conj/Ice       19%        3d6       21%         4
 Ice Form                 Ice/Tmut       19%        N/A       21%         4
 Anguish                  Hex/Necr       5%         N/A       52%         4
 Cause Fear               Hex            5%         N/A       52%         4
 Simulacrum               Ice/Necr       9%         N/A       97%         6
 Enfeeble                 Hex            5%         N/A       100%        7
 Discord                  Hex            5%         N/A       100%        8


Dungeon Overview and Level Annotations

Branches:
Dungeon (5/15)             Temple (1/1) D:5

Altars:
Ashenzari
Cheibriados
Gozag
Okawaru
Sif Muna
Uskayaw
Wu Jian
Yredelemnul
Zin

Annotations:
D:3 3 runed translucent doors, lambentLogic's ghost, amateur KoEn


Innate Abilities, Weirdness & Mutations

You have very sharp teeth.
Your uncanny sense of smell can sniff out nearby items.
Your experience applies equally to all skills.


Message History

You are confused.
The wall freezes the hound but does no damage.
The hound barely misses you.
You're too confused to cast spells.
Your frozen ramparts will break if you move.
Continue? [Y]es or [N]o only, please.
Your frozen ramparts will break if you move.
Continue? [Y]es or [N]o only, please.
Your frozen ramparts will break if you move.
Continue?
Okay, then.
The wall freezes the hound.
You kill the hound!
The wall freezes the orc.
The orc wizard gestures at you while chanting.
The magic dart hits you!
Your frozen ramparts will break if you move.
Continue?
The frozen ramparts melt away as you move.
The orc wizard gestures at you while chanting.
The puff of flame misses you.
You are engulfed in a cloud of scalding steam.
The orc wizard points at you and mumbles some strange words.
You resist with some effort.
The scorpion is engulfed in a cloud of scalding steam.
You are engulfed in a cloud of scalding steam.
The scorpion is engulfed in a cloud of scalding steam.
The orc wizard casts a spell at you.
You are more confused.
An orc comes into view. It is wielding a +0 whip.
The orc misses you. The orc wizard casts a spell at you.
The puff of flame hits you! The orc hits you with a +0 mace!
* * * LOW HITPOINT WARNING * * *
The orc barely misses you.
You are engulfed in a cloud of scalding steam.
* * * LOW HITPOINT WARNING * * *
The orc hits you with a +0 mace.
* * * LOW HITPOINT WARNING * * *
The orc wizard points at you and mumbles some strange words.
The magic dart hits you!
You die...

## # #. .. . ##~# .# .#
~.♣~ .. .≈≈##.##.##
~≈..# . .≈≈#o....# ..~~.
. ≈ .≈o..#..# ~....#.
~##≈≈.....# ~~...##+##
##.#@≈.....# . ...#...#
#.≈#o≈.....#
...##.#...###≈~#.#.....#
............≈~...#s....#
≈~~###.#...#≈......≈####
.# #.........#...#≈≈≈...
.# #.#.#..####...#######
.# #.#.#.........# .#
#.#..........##


You could see a scorpion, an orc wizard and 2 orcs.

Vanquished Creatures
  A black bear (D:4)
  An ogre (D:4)
  2 scorpions
  A gnoll bouda (D:5)
  2 hounds
  An iguana (D:4)
  7 gnolls
  2 adders
  3 worms
  2 dart slugs
  3 orcs (D:4)
  2 bats (D:2)
  6 endoplasms
  3 giant cockroaches
  8 goblins
  6 hobgoblins
  5 quokkas
  3 ball pythons
  A frilled lizard (D:3)
  3 kobolds
  5 rats
67 creatures vanquished.

Notes
Turn   | Place    | Note
-------+----------+-------------------------------------------
     0 | D:1      | juncz the Gnoll Ice Elementalist began the quest for the
                  | Orb.
     0 | D:1      | Reached XP level 1. HP: 13/13 MP: 6/6
   269 | D:1      | Reached XP level 2. HP: 18/19 MP: 4/7
   311 | D:1      | Found a faded altar of an unknown god.
  1060 | D:2      | Reached skill level 5 in Spellcasting
  1060 | D:2      | Reached XP level 3. HP: 24/25 MP: 1/9
  1066 | D:2      | Learned a level 3 spell: Frozen Ramparts
  1070 | D:2      | Learned a level 3 spell: Ozocubu's Armour
  1168 | D:2      | Reached skill level 1 in Invocations
  1509 | D:3      | Found a runed translucent gate.
  1509 | D:3      | Found a runed translucent gate.
  1510 | D:3      | Found a runed translucent gate.
  1510 | D:3      | Noticed lambentLogic's ghost (amateur KoEn)
  1513 | D:3      | Identified the +4 whip of Cheese {protect, rC++ Will+}
  1558 | D:3      | Reached skill level 1 in Fighting
  1558 | D:3      | Reached skill level 1 in Short Blades
  1558 | D:3      | Reached skill level 1 in Long Blades
  1558 | D:3      | Reached skill level 1 in Axes
  1558 | D:3      | Reached skill level 1 in Maces & Flails
  1558 | D:3      | Reached skill level 1 in Polearms
  1558 | D:3      | Reached skill level 1 in Staves
  1558 | D:3      | Reached skill level 1 in Ranged Weapons
  1558 | D:3      | Reached skill level 1 in Throwing
  1558 | D:3      | Reached skill level 1 in Armour
  1558 | D:3      | Reached skill level 1 in Shields
  1558 | D:3      | Reached skill level 1 in Unarmed Combat
  1558 | D:3      | Reached skill level 1 in Evocations
  1706 | D:3      | Reached XP level 4. HP: 32/32 MP: 7/11
  1937 | D:3      | Noticed a scorpion
  1942 | D:3      | Killed a scorpion
  1943 | D:3      | Reached skill level 1 in Conjurations
  1943 | D:3      | Reached skill level 1 in Hexes
  1943 | D:3      | Reached skill level 1 in Summonings
  1943 | D:3      | Reached skill level 1 in Necromancy
  1943 | D:3      | Reached skill level 1 in Translocations
  1943 | D:3      | Reached skill level 1 in Transmutations
  1943 | D:3      | Reached skill level 1 in Fire Magic
  1943 | D:3      | Reached skill level 1 in Air Magic
  1943 | D:3      | Reached skill level 1 in Earth Magic
  1943 | D:3      | Reached skill level 1 in Poison Magic
  1943 | D:3      | Reached XP level 5. HP: 37/37 MP: 4/12
  2332 | D:4      | Noticed a black bear
  2339 | D:4      | Killed a black bear
  2389 | D:4      | Reached XP level 6. HP: 44/44 MP: 8/14
  2536 | D:4      | Reached skill level 5 in Dodging
  3061 | D:4      | Reached XP level 7. HP: 50/51 MP: 12/15
  3327 | D:5      | Entered Level 5 of the Dungeon
  3418 | D:5      | Found a staircase to the Ecumenical Temple.
  3464 | Temple   | Entered the Ecumenical Temple
  3471 | Temple   | Became a worshipper of Ashenzari the Shackled
  3685 | D:5      | Killed from afar by an orc wizard

Illustrated notes

Levels and vault maps discovered:
D:1:      minmay_arrival_hallway, layout_basic,
          chequers_ecumenical_altar_simple, minivault_4
D:2:      layout_basic
D:3:      layout_loops_cross, biasface_ghost_orc_armoury, minmay_misc_feat_rows,
          serial_park_tiny_pond
D:4:      layout_loops_ring
D:5:      layout_basic, mainiacjoe_overflow_alcove_4,
          minmay_temple_entry_statues_fountains, serial_rivers,
          chequers_serial_rivers_micro_b, chequers_serial_rivers_large_a,
          chequers_serial_rivers_micro_d, chequers_serial_rivers_marsh,
          chequers_serial_rivers_small_b, chequers_serial_rivers_micro_a
Temple:   chequers_temple_sunken

Skill      XL: |  1  2  3  4  5  6  7 |
---------------+----------------------+-----
Spellcasting   | 5 |  5.6
Invocations    | 1 2 |  2.8
Fighting       | 1 2 |  2.5
Short Blades   | 1 2 |  2.5
Long Blades    | 1 2 |  2.5
Axes           | 1 2 |  2.5
Maces & Flails | 1 2 |  2.5
Polearms       | 1 2 |  2.5
Staves         | 1 2 |  2.5
Ranged Weapons | 1 2 |  2.5
Throwing       | 1 2 |  2.5
Armour         | 1 2 |  2.5
Shields        | 1 2 |  2.5
Unarmed Combat | 1 2 |  2.5
Evocations     | 1 2 |  2.5
Conjurations   | 1 2 |  2.0
Hexes          | 1 2 |  2.0
Summonings     | 1 2 |  2.0
Necromancy     | 1 2 |  2.0
Translocations | 1 2 |  2.0
Transmutations | 1 2 |  2.0
Fire Magic     | 1 2 |  2.0
Air Magic      | 1 2 |  2.0
Earth Magic    | 1 2 |  2.0
Poison Magic   | 1 2 |  2.0
Dodging        | 5 |  5.2
Stealth        | |  4.9
Ice Magic      | |  7.4

Action                   |  1- 3 |  4- 6 |  7- 9 || total
-------------------------+-------+-------+-------++-------
Melee: Short sword       |     4 |       |       ||     4
       Dagger            |    10 |     9 |     4 ||    23
       Bite              |     1 |       |     1 ||     2
 Cast: Freeze            |    47 |    37 |     5 ||    89
       Frozen Ramparts   |       |     7 |     3 ||    10
       Ozocubu's Armour  |       |       |     1 ||     1
 Stab: Sleeping          |     6 |     3 |       ||     9
Armor: Robe              |     6 |     4 |     3 ||    13
Dodge: Dodged            |    29 |    12 |     9 ||    50
